 Dungeon Crawl Stone Soup version 0.30-a0-800-g7c544603b3 (webtiles) character file.

Game seed: 16673788893981690127

16 ryw the Trooper (level 2, 0/24 HPs)
             Began as a Demonspawn Monk on Feb 22, 2023.
             Slain by a worm (10 damage)
             ... on level 2 of the Dungeon.
             The game lasted 00:00:52 (666 turns).

ryw the Trooper (Demonspawn Monk)                    Turns: 666, Time: 00:00:53

Health: 0/24       AC:  5    Str: 11    XL:     2   Next: 37%
Magic:  2/2        EV: 11    Int: 11    God:
Gold:   51         SH:  4    Dex: 15    Spells: 1/1 levels left

rFire   . . .      SeeInvis .      - Unarmed
rCold   . . .      Faith    .    (no shield)
rNeg    + . .      Spirit   .    j - +0 ring mail
rPois   .          Reflect  .    (no helmet)
rElec   .          Harm     .    (no cloak)
rCorr   .          Rampage  .    (no gloves)
Will    .....                    (no boots)
Stlth   +                        (no amulet)
HPRegen 0.24/turn                g - ring of positive energy
MPRegen 0.08/turn                (no ring)

@: no status effects
A: large bone plates 1
a: no special abilities


You were on level 2 of the Dungeon.
You visited 1 branch of the dungeon, and saw 2 of its levels.

You collected 51 gold pieces.

Inventory:

Missiles
 e - 3 atropa-tipped darts (quivered)
Armour
 a - a +0 robe
 j - a +0 ring mail (worn)
Jewellery
 g - a ring of positive energy (left hand)
Scrolls
 d - a scroll of identify {unknown}
 f - a scroll of teleportation {unknown}
 k - a scroll of enchant armour {unknown}
Potions
 b - a potion of ambrosia
 c - 2 potions of heal wounds {unknown}
 h - a potion of lignification {unknown}
 i - a potion of curing {unknown}


   Skills:
 + Level 3.4 Fighting
 + Level 3.1 Dodging
 - Level 1.7 Stealth
 - Level 2.6 Unarmed Combat


You had one spell level left.
You didn't know any spells.
Your spell library was empty.

Dungeon Overview and Level Annotations

Branches:
Dungeon (2/15)

Altars:


Innate Abilities, Weirdness & Mutations

You are partially covered in large bone plates. (SH +4)


Message History

Unknown command.
Found a stone staircase leading down.
Found 8 stones.
Found an escape hatch in the ceiling.
k - a scroll labelled WEVYRA HOSUES A worm comes into view.
The worm misses you.
You hit the worm.
The worm is moderately wounded.
You hit the worm but do no damage.
The worm is moderately wounded.
The worm bites you!
You hit the worm but do no damage.
The worm is lightly wounded.
You block the worm's attack.
You barely miss the worm.
The worm is lightly wounded.
You hit the worm.
The worm is moderately wounded.
The worm barely misses you.
You hit the worm. You punch the worm, but do no damage.
The worm is moderately wounded.
You hit the worm.
The worm is heavily wounded.
The worm bites you.
You hit the worm.
The worm is heavily wounded.
You hit the worm but do no damage.
The worm is heavily wounded.
The worm bites you.
You are too injured to fight recklessly!
You are too injured to fight recklessly!
You are too injured to fight recklessly!
You are too injured to fight recklessly!
You hit the worm.
The worm is heavily wounded.
You hit the worm.
The worm is severely wounded.
The worm bites you!
You die...

### ..# ############
.
#.#######...@w......
.##
#.#...##..########+#
..>##.#.#....##
##..#......###
........#.#####
.##.#.#.#.....#
##.#.#.#####.#
#<...#.. ####.###.


You could see a worm.

Vanquished Creatures
  3 ball pythons (D:1)
  A giant cockroach (D:1)
  3 hobgoblins (D:1)
  A quokka (D:1)
  A bat (D:1)
  3 kobolds (D:1)
  3 rats (D:1)
15 creatures vanquished.

Notes
Turn   | Place    | Note
-------+----------+-------------------------------------------
     0 | D:1      | ryw the Demonspawn Monk began the quest for the Orb.
     0 | D:1      | Reached XP level 1. HP: 18/18 MP: 1/1
   163 | D:1      | Gained mutation: You are partially covered in large bone
                  | plates. (SH +4) [demonic ancestry]
   163 | D:1      | Reached XP level 2. HP: 24/24 MP: 2/2
   666 | D:2      | Slain by a worm

Illustrated notes

Levels and vault maps discovered:
D:1:      dpeg_arrival_stonehenge_8_columns, layout_loops_cross
D:2:      minmay_chambers_of_twos, layout_basic, serial_shops,
          nicolae_shop_waterfront

Skill      XL: |  1 |
---------------+----+-----
Dodging        | 3 |  3.1
Fighting       | |  3.4
Stealth        | |  1.7
Unarmed Combat | |  2.6

Action                     || total
---------------------------++-------
  Melee: Unarmed           ||    56
         Punch             ||     1
   Stab: Sleeping          ||     3
 Armour: Robe              ||     4
  Dodge: Dodged            ||    18
  Block: Other             ||     4

Table legend: (Time is in decaauts)
 A = Elapsed time spent in this place.
 B = Non-inter-level travel time spent in this place.
 C = Inter-level travel time spent in this place.
 D = Time resting spent in this place.
 E = Time spent auto-exploring this place.
 F = Levels seen in this place.
 G = Mean time per level.
                   A        B        C        D        E       F      G
               +--------+--------+--------+--------+--------+-----+--------+
         Total |    662 |    657 |      5 |      0 |    510 |   2 |  331.0 |
       Dungeon |    662 |    657 |      5 |      0 |    510 |   2 |  331.0 |
               +--------+--------+--------+--------+--------+-----+--------+

Top non-repeatable levels by time:
     D:1: 630 daAuts
     D:2: 32 daAuts
